 Dungeon Crawl Stone Soup version 0.24-a0-282-g1a68c911f0 (webtiles) character file.

Game seed: 5189211083349118223

63 Redear the Skirmisher (level 4, -2/42 HPs)
             Began as a Naga Fighter on May 2, 2019.
             Slain by a gnoll
             ... wielding a +0 spear
              (4 damage)
             ... on level 2 of the Dungeon.
             The game lasted 00:01:52 (1186 turns).

Redear the Skirmisher (Naga Fighter)                Turns: 1186, Time: 00:01:53

Health: -2/42      AC:  4    Str: 22 (24) XL:     4   Next: 10%
Magic:  4/4        EV:  6    Int: 10 (13) God:
Gold:   62         SH:  9    Dex:  8 (11) Spells: 3/3 levels left

rFire    . . .     SeeInvis +   a - +0 war axe
rCold    . . .     Gourm    .   c - +0 shield
rNeg     . . .     Faith    .   b - +0 scale mail
rPois    +         Spirit   .   (no helmet)
rElec    .         Reflect  .   (no cloak)
rCorr    .         Harm     .   (no gloves)
MR       .....                  (no barding)
Stlth    ..........             (no amulet)
HPRegen  0.14/turn              (no ring)
MPRegen  0.09/turn              (no ring)

@: mighty, brilliant, flying, very slow
A: large, see invisible, deformed body, poison resistance, slowness 2, slow
metabolism 1, spit poison 1, AC +1
a: Spit Poison


You were on level 2 of the Dungeon.
You were hungry.

You visited 1 branch of the dungeon, and saw 2 of its levels.

You collected 62 gold pieces.

Inventory:

Hand Weapons
 a - a +0 war axe (weapon)
Armour
 b - a +0 scale mail (worn)
 c - a +0 shield (worn)
Jewellery
 j - an uncursed ring of wizardry {unknown}
Scrolls
 f - 2 scrolls of identify {unknown}
 g - a scroll of teleportation {unknown}
 h - a scroll of remove curse {unknown}
 l - a scroll of random uselessness {unknown}
Comestibles
 z - 4 rations


   Skills:
 + Level 3.5 Fighting
 + Level 2.7 Axes
 - Level 2.4 Armour
 + Level 1.2 Dodging
 + Level 2.9 Shields


You had 3 spell levels left.
You didn't know any spells.
Your spell library was empty.

Dungeon Overview and Level Annotations

Branches:
Dungeon (2/15)

Altars:


Innate Abilities, Weirdness & Mutations

You cannot wear boots.
Your serpentine skin is tough. (AC +1)
You have supernaturally acute eyesight. (SInv)
Armour fits poorly on your strangely shaped body.
Your system is resistant to poisons. (rPois)
You cover ground very slowly.
You have a slow metabolism.
You can spit poison.


Message History

You feel weakened.
You feel dopey.
You feel clumsy. The kobold hits you but does no damage.
You block the gnoll's attack.
It was a potion of flight.
You feel very buoyant.
You fly up into the air.
The kobold hits you but does no damage. The gnoll barely misses you.
It was a potion of brilliance.
You feel clever all of a sudden. The kobold barely misses you.
The gnoll hits you but does no damage.
Okay, then.
Okay, then.
You feel very mighty all of a sudden.
The gnoll hits you from afar with a +0 spear.
* * * LOW HITPOINT WARNING * * *
The kobold hits you but does no damage.
You take 2 damage, and have 1/42 hp.
You slash the kobold!
You kill the kobold!
The gnoll hits you from afar with a +0 spear.
You die...

#........#
#..#.##..#
#...†....# #.
####.##### #.
#.# ###. #.#
... #.#
#####..######.#
.......#.)@...#
#...#g######
#....#.#
#...#.##
....... ##
#####.. #.. #..
#%.


You could see a gnoll.

Vanquished Creatures
  2 gnolls (D:2)
  An ooze (D:1)
  2 dart slugs (D:1)
  2 leopard geckos (D:1)
  A ball python (D:1)
  5 giant cockroaches (D:1)
  4 hobgoblins
  2 quokkas (D:2)
  5 bats (D:1)
  3 frilled lizards (D:1)
  2 goblins (D:1)
  4 kobolds
  3 rats (D:1)
36 creatures vanquished.

Notes
Turn   | Place    | Note
-------+----------+-------------------------------------------
     0 | D:1      | Redear the Naga Fighter began the quest for the Orb.
     0 | D:1      | Reached XP level 1. HP: 21/21 MP: 1/1
   202 | D:1      | Reached XP level 2. HP: 19/28 MP: 2/2
   387 | D:1      | Reached XP level 3. HP: 34/34 MP: 3/3
   770 | D:1      | Reached skill level 1 in Dodging
  1171 | D:2      | Reached XP level 4. HP: 18/42 MP: 4/4
  1181 | D:2      | HP: 3/42 [gnoll/+0 spear (10)]
  1185 | D:2      | HP: 1/42 [gnoll/+0 spear (2)]
  1186 | D:2      | Slain by a gnoll

Levels and vault maps discovered:
D:1:      saegor_arrival_simple_e, layout_basic, hangedman_decor_diamond_cutter
D:2:      layout_loops_cross, first_ration, kennysheep_generic_room_8

Skill      XL: |  1  2  3 |
---------------+----------+-----
Dodging        | 1 |  1.2
Fighting       | |  3.5
Axes           | |  2.7
Armour         | |  2.4
Shields        | |  2.9

Action                   |  1- 3 |  4- 6 || total
-------------------------+-------+-------++-------
Melee: War axe           |    90 |     8 ||    98
  Use: Potion            |       |     4 ||     4
Armor: Scale mail        |    48 |     7 ||    55
Dodge: Dodged            |    22 |     2 ||    24
Block: Shield            |    57 |     5 ||    62

Table legend:
 A = Non-vault XP
 B = Vault XP
 C = Vault XP percentage of total XP
 D = Non-vault monster count
 E = Vault monster count
 F = Vault count percentage of total count
                 A         B        C        D         E       F
            +---------+---------+-------+---------+---------+-------
      Total |      91 |       0 |   0.0 |      36 |       0 |   0.0
            +---------+---------+-------+---------+---------+-------
        D:1 |      56 |       0 |   0.0 |      30 |       0 |   0.0
        D:2 |      35 |       0 |   0.0 |       6 |       0 |   0.0
            +---------+---------+-------+---------+---------+-------
